 Dungeon Crawl Stone Soup version 0.31.0-11-ge490571c62 (console) character file.

Game seed: 1295591675057272149

1241 RepHenryClay the Basher (level 8, 0/62 HPs)
             Began as a Ghoul Gladiator on Jan 28, 2024.
             Slain by a wraith (2 damage)
             ... on level 5 of the Dungeon.
             The game lasted 00:10:20 (4795 turns).

RepHenryClay the Basher (Ghoul Gladiator)           Turns: 4795, Time: 00:10:21

Health: 0/62       AC:  7    Str: 18    XL:     8   Next: 49%
Magic:  8/8        EV: 15    Int:  7    God:
Gold:   332        SH:  0    Dex: 12    Spells: 5/7 levels left

rFire   . . .        b - +3 mace
rCold   + . .        (no shield)
rNeg    + + +        f - +0 scale mail
rPois   ∞            c - +0 helmet
rElec   .            (no cloak)
rCorr   .            (no gloves)
SInv    .            (no boots)
Will    .....        (no amulet) Stlth
                     i - +5 ring of evasion
HPRegen 0.00/turn    (no ring)
MPRegen 0.11/turn

%: no passive effects
@: inhibited regen, hasted and slowed
A: claws 1, cold resistance 1, negative energy resistance 3, inhibited
regeneration, torment resistance 2, devour on kill
a: no special abilities


You were on level 5 of the Dungeon.
You visited 1 branch of the dungeon, and saw 6 of its levels.

You collected 332 gold pieces.

Inventory:

Hand Weapons
 a - a +2 whip of draining
 b - a +3 mace (weapon)
 n - a +0 flail
 q - a +2 whip of freezing
Missiles
 d - 2 throwing nets (quivered)
 e - 6 javelins
Armour
 c - a +0 helmet (worn)
 f - a +0 scale mail (worn)
 v - a +0 troll leather armour
 w - a +2 ring mail of poison resistance
Jewellery
 i - a +5 ring of evasion (left claw)
 p - a ring of wizardry
Scrolls
 k - 3 scrolls of fog
 m - a scroll of teleportation
 o - a scroll of amnesia {unknown}
 r - a scroll of enchant armour
 s - 2 scrolls of poison
 x - a scroll of noise {unknown}
Potions
 g - a potion of enlightenment {unknown}
 h - a potion of resistance {unknown}
 j - a potion of might {unknown}
 l - 2 potions of haste
 t - 2 potions of curing {unknown}
 u - a potion of brilliance {unknown}


   Skills:
 - Level 2.6 Fighting
 + Level 9.1 Maces & Flails
 - Level 2.1 Throwing
 - Level 3.6 Dodging


You had 5 spell levels left.
You knew the following spells:

 Your Spells              Type           Power      Damage    Failure   Level
Q - Blink                 Tloc           0%         N/A       94%         2

Your spell library contained the following spells:

 Spells                   Type           Power      Damage    Failure   Level
 Lesser Beckoning         Tloc           0%         N/A       94%         2
 Momentum Strike          Conj/Tloc      0%         3d8       94%         2


Dungeon Overview and Level Annotations

Branches:
Dungeon (6/15)
 Temple: D:4-7

Altars:

Annotations:
D:3 Eustachio
D:5 4 runed translucent doors


Innate Abilities, Weirdness & Mutations

You are immune to poison.
You have sharp fingernails.
Your flesh is cold resistant. (rC+)
You are immune to negative energy. (rN+++)
You do not regenerate when monsters are visible.
You are immune to unholy pain and torment.
You thrive by killing the living.


Message History

Huge Dmg: -18%(-11hp) hp: 23%(14hp) Save game and exit?
Level annotation: 4 runed translucent doors Welcome back, RepHenryClay the Ghoul Gladiator.
Press ? for a list of commands and other information.
You hit the wraith.
The wraith is almost destroyed.
The wraith closely misses you. The wraith misses you.
You hit the wraith but do no damage.
The wraith is almost destroyed.
The wraith completely misses you.
You hit the wraith but do no damage.
The wraith is almost destroyed.
The wraith hits you!
* * * LOW HITPOINT WARNING * * *
The wraith drains your vigour!
You feel as though you will be slow longer.
The wraith closely misses you.
Huge Dmg: -16%(-10hp) hp: 7%(4hp) Save game and exit?
Level annotation: 4 runed translucent doors Welcome back, RepHenryClay the Ghoul Gladiator.
Press ? for a list of commands and other information.
You feel much better. The wraith hits you!
* * * LOW HITPOINT WARNING * * *
You hit the wraith but do no damage.
The wraith is almost destroyed.
The wraith barely misses you. The wraith hits you!
* * * LOW HITPOINT WARNING * * *
The wraith drains your vigour!
You feel as though you will be slow longer.
Huge Dmg: -17%(-11hp) hp: 4%(2hp) Save game and exit?
Level annotation: 4 runed translucent doors Welcome back, RepHenryClay the Ghoul Gladiator.
Press ? for a list of commands and other information.
Okay, then.
You feel yourself speed up. The wraith completely misses you.
The wraith attacks as it pursues you! The wraith hits you.
You die...

#####..# #..# #.##.#)##### # #..##### #..#
#...###....# ##### # #..#...# #..#
####.#.###.####...# # #......####..##
##.###.....[.#.# ##.......##...## #.# #..####...#
#...........#.## #.# #..# ##.##
#.......#..###.####.###..#####.### #.#...###.##
##............%.....# ###
#.†........###B#########.#####.#.## #.##
#.##.####...#.## #.# #....## ...###.##..........#
#.#####.....#### ....#.#.########.###
#..>.........#.## .....###.#######.#
#####.........#.## ....## ##......B.#
#........###.## ...#.###.######### #.......##
##.## #.###.#.## ##)......# ##.# ### ##.##
#.#####.# ##.## # #.# ###.# #.###..# # #.# #...#
#..#.#.# # #.# #.#.# #@#..#.# # #.#
#.#.#####W#..#.# # #.# #.#..........#.# ######.#
#.##.#.##.##.#.# .......## #....#.##.##.#.#
#####...# #[####..#>##.#.# #.#.# #<# #..#.##.#.#
#.#.# #.# #.##.##.#.# #.#.###########
#.####.........# #####.#.#......>..#
#.............## ..........#######.#
#.####.##...#.# #####.#...# #.#
#######.##........#.## #.#...# #.#
#.......#..######....## #####.#...# #.#
#.###.....##8))8##.#..# .........># #.# #.#
#.....#8....8#.##.## ..#.###..########.# #.#
#<..#.+y.....+.##..# ....# #...........# #.#
##.##.+D.....+.###.# ..######.########.####
#.####.##.#8....8#.###.# .........##..........#
##...##.##.##8[(8##.##..#
###########.#####.##.####.###.#.....######......#


You could see a wraith.

Vanquished Creatures
  A troll (D:5)
  A water moccasin (D:5)
  A black bear (D:5)
  An ice beast (D:5)
  A sky beast (D:4)
  A centaur (D:5)
  A scorpion (D:5)
  A bombardier beetle (D:5)
  A jelly (D:5)
  2 orc priests
  4 orc wizards
  An iguana (D:5)
  Robin (D:2)
  A gnoll (D:5)
  9 adders
  2 shadow imps
  A white imp (D:5)
  5 dart slugs
  A ribbon worm (D:2)
  16 orcs
  6 ball pythons
  10 endoplasms
  3 giant cockroaches
  18 goblins
  6 hobgoblins
  2 quokkas
  3 bats
  4 frilled lizards
  6 kobolds
  6 rats
116 creatures vanquished.

Notes
Turn   | Place    | Note
-------+----------+-------------------------------------------
     0 | D:1      | RepHenryClay the Ghoul Gladiator began the quest for the
                  | Orb.
     0 | D:1      | Reached XP level 1. HP: 17/17 MP: 1/1
   104 | D:1      | Reached XP level 2. HP: 25/25 MP: 2/2
   460 | D:1      | Reached skill level 3 in Maces & Flails
   460 | D:1      | Reached XP level 3. HP: 30/30 MP: 3/3
  1040 | D:2      | Found a faded altar of an unknown god.
  1041 | D:2      | Noticed Robin
  1076 | D:2      | Reached XP level 4. HP: 18/37 MP: 4/4
  1096 | D:2      | Killed Robin
  1957 | D:3      | Reached XP level 5. HP: 39/42 MP: 5/5
  1958 | D:3      | Reached skill level 4 in Maces & Flails
  2792 | D:4      | Noticed Eustachio
  2936 | D:4      | Noticed a sky beast
  2950 | D:4      | Killed a sky beast
  2951 | D:4      | Reached skill level 5 in Maces & Flails
  2951 | D:4      | Reached XP level 6. HP: 39/50 MP: 6/6
  3460 | D:4      | Learned a level 2 spell: Blink
  3496 | D:5      | Entered Level 5 of the Dungeon
  3548 | D:5      | Reached skill level 6 in Maces & Flails
  3850 | D:5      | Found a large runed translucent door.
  3850 | D:5      | Found a large runed translucent door.
  3860 | D:5      | Reached XP level 7. HP: 45/56 MP: 7/7
  3940 | D:5      | Noticed a troll
  3952 | D:5      | Killed a troll
  3953 | D:5      | Reached skill level 7 in Maces & Flails
  4058 | D:5      | Found a large runed translucent door.
  4059 | D:5      | Found a large runed translucent door.
  4123 | D:5      | Reached XP level 8. HP: 48/62 MP: 8/8
  4291 | D:5      | Reached skill level 8 in Maces & Flails
  4540 | D:5      | Reached skill level 9 in Maces & Flails
  4758 | D:6      | Noticed a wraith
  4789 | D:5      | HP: 2/62 [wraith (11)]
  4795 | D:5      | Slain by a wraith

Illustrated notes

Levels and vault maps discovered:
D:1:      ncdulo_lavacross, layout_basic, minmay_misc_feat_square
D:2:      layout_basic, ebering_ecumenical_altar_webs, uniq_robin
D:3:      layout_basic, minmay_strange_pillars
D:4:      layout_rooms, uniq_eustachio
D:5:      layout_loops_ring, minmay_hollow_rounded_squares
D:6:      layout_loops_ring, tgw_kikubaaqudgha,
          mainiacjoe_sewer_entry_somewhere_in_here_1

Skill      XL: |  1  2  3  4  5  6  7  8 |
---------------+-------------------------+-----
Throwing       | 2 |  2.1
Dodging        | 3 |  3.6
Maces & Flails | 3 5 6 7 9 |  9.1
Fighting       | |  2.6

Action                     |  1- 3 |  4- 6 |  7- 9 || total
---------------------------+-------+-------+-------++-------
  Melee: Flail             |    30 |       |       ||    30
         Mace              |    69 |    46 |    16 ||   131
         Punch             |     1 |     4 |       ||     5
         Whip              |       |   207 |    96 ||   303
  Throw: Javelin           |       |     2 |       ||     2
         Throwing net      |       |       |     3 ||     3
    Use: Potion            |     2 |     1 |     2 ||     5
         Scroll            |       |     3 |     3 ||     6
 Armour: Leather armour    |    63 |    19 |       ||    82
         Scale mail        |       |   130 |    47 ||   177
  Dodge: Dodged            |   115 |   271 |    78 ||   464
